 Dungeon Crawl Stone Soup version 0.29-a0-334-gb41bcbb86e (webtiles) character file.

Game seed: 10087720893273623128

67 spaghetti the Digger (level 3, -2/26 HPs)
             Began as a Demigod Earth Elementalist on Apr 14, 2022.
             Slain by a gnoll
             ... wielding a +0 club
              (6 damage)
             ... on level 2 of the Dungeon.
             The game lasted 00:02:40 (1654 turns).

spaghetti the Digger (Demigod Earth Elementalist)   Turns: 1654, Time: 00:02:40

Health: -2/26      AC:  2    Str:  9    XL:     3   Next: 72%
Magic:  8/8        EV: 12    Int: 21    God:
Gold:   44         SH:  0    Dex: 14    Spells: 3/6 levels left

rFire   . . .      SeeInvis .   k - +0 spear {polearm}
rCold   . . .      Faith    .   (no shield)
rNeg    . . .      Spirit   .   b - +0 robe
rPois   +          Reflect  .   (no helmet)
rElec   .          Harm     .   (no cloak)
rCorr   .          Rampage  .   (no gloves)
Will    .....                   (no boots)
Stlth   ++........              (no amulet)
HPRegen 0.08/turn               i - ring of poison resistance
MPRegen 0.11/turn               (no ring)

@: no status effects
A: high MP 1, forlorn, divine attributes
a: no special abilities


You were on level 2 of the Dungeon.
You visited 1 branch of the dungeon, and saw 2 of its levels.

You collected 44 gold pieces.


Innate Abilities, Weirdness & Mutations

You have an increased reservoir of magic. (+10% MP)
You shall have no god before yourself.
Your divine heritage dramatically boosts your attributes as you level up.


   Skills:
 - Level 1.7 Dodging
 - Level 1.7 Stealth
 - Level 2.0 Spellcasting
 - Level 0.8 Transmutations
 + Level 4.3 Earth Magic


You had 3 spell levels left.
You knew the following spells:

 Your Spells              Type           Power      Damage    Failure   Level
a - Sandblast             Erth           40%        2d10      2%          1
b - Passwall              Tmut/Erth      10%        N/A       8%          2

Your spell library contained the following spells:

 Spells                   Type           Power      Damage    Failure   Level
 Slow                     Hex            8%         N/A       14%         1
 Stone Arrow              Conj/Erth      22%        3d8       19%         3
 Ignite Poison            Fire/Tmut/Pois 3%         N/A       36%         3
 Confusing Touch          Hex            2%         N/A       41%         3
 Conjure Flame            Conj/Fire      2%         6-21      41%         3
 Vampiric Draining        Necr           2%         2d6       41%         3
 Petrify                  Tmut/Erth      13%        N/A       45%         4
 Sticky Flame             Conj/Fire      2%         2d3       82%         4

Inventory:

Hand Weapons
 d - a +0 club {mace}
   (You took it off a goblin on level 1 of the Dungeon)
 f - a +0 short sword {short}
   (You took it off a kobold on level 1 of the Dungeon)
 g - a +0 club {mace}
   (You took it off a goblin on level 1 of the Dungeon)
 j - a +0 dagger {short}
   (You found it on level 1 of the Dungeon)
 k - a +0 spear (weapon) {polearm}
   (You found it on level 1 of the Dungeon)
 l - a +0 hand axe {axe}
   (You found it on level 1 of the Dungeon)
Missiles
 a - 19 stones (quivered) {throwing}
Armour
 b - a +0 robe (worn)
Jewellery
 i - a ring of poison resistance (left hand)
   (You found it on level 1 of the Dungeon)
Scrolls
 e - 2 scrolls of teleportation {unknown}
 h - 2 scrolls of enchant weapon {unknown}
 n - a scroll of enchant armour {unknown}
Potions
 m - a potion of heal wounds {unknown}
 o - a potion of lignification {unknown}

Dungeon Overview and Level Annotations

Branches:
Dungeon (2/15)

#<# ...( .. #.# ##...(
#. #g# ...(.. #.## #g.
####.....###..####.
#........(.........
..(...#.####...#..
#.g.((....#..###.#
#@)...........##.#
#....####...#.##†#
#....# ###.....).
#....# #...##..
##....# ##..##.#
#.....# #..#..>
####.....# ###....#.
#.....#### #..)..##.
#.<...########.#.<###.


You could see a gnoll.


Message History

Casting: Sandblast (safe; 2% risk of failure)
Confirm with . or Enter, or press ? or * to list all spells.
Aiming: Sandblast (safe; 2% risk of failure)
Press: ? - help, Shift-Dir - straight line, f/p - gnoll
Aim: a gnoll, wielding a +0 club (almost dead, 82% to hit)
You miscast Sandblast.
You are very lightly contaminated with residual magic.
Nothing appears to happen.
The gnoll hits you with a +0 club.
* * * LOW HITPOINT WARNING * * *
😨 HP[-3] MP[-1]
You take 3 damage, and now have 13/26 hp.
You lost 1 mp, and now have 2/8 mp.
Casting: Sandblast (safe; 2% risk of failure)
Confirm with . or Enter, or press ? or * to list all spells.
Aiming: Sandblast (safe; 2% risk of failure)
Press: ? - help, Shift-Dir - straight line, f/p - gnoll
Aim: a gnoll, wielding a +0 club (almost dead, 82% to hit)
The blast of sand hits the gnoll!
You kill the gnoll!
a - 26 stones {throwing} 😨 MP[-1]
You lost 1 mp, and now have 1/8 mp.
You start resting.
A gnoll is nearby! 😨 MP[+1]
A gnoll is nearby!
A gnoll is nearby!
A gnoll is nearby!
A gnoll is nearby!
A gnoll is nearby!
You are too injured to fight recklessly!
You are too injured to fight recklessly!
You are too injured to fight recklessly!
Throw: 26 stones {throwing}
Press: ? - help, Q - select action, (/) - cycle Shift-Dir - straight line, f - gnoll
Aim: a gnoll, wielding a +0 club (61% to hit)
You throw a stone {throwing}.
The stone {throwing} hits the gnoll but does no damage. 😮 HP[+1] Throw: 25 stones {throwing}
Press: ? - help, Q - select action, (/) - cycle Shift-Dir - straight line, f/p - gnoll
Aim: a gnoll, wielding a +0 club (61% to hit)
You throw a stone {throwing}.
The stone {throwing} barely misses the gnoll.
Throw: 24 stones {throwing}
Press: ? - help, Q - select action, (/) - cycle Shift-Dir - straight line, f/p - gnoll
Aim: a gnoll, wielding a +0 club (61% to hit)
You throw a stone {throwing}.
The stone {throwing} hits the gnoll but does no damage.
Your magical contamination has completely faded away.
Casting: Sandblast (safe; 2% risk of failure)
Confirm with . or Enter, or press ? or * to list all spells.
You can't see any susceptible monsters within range! (Use Z to cast anyway.)
You are too injured to fight recklessly!
Throw: 23 stones {throwing}
Press: ? - help, Q - select action, (/) - cycle Shift-Dir - straight line, f/p - gnoll
Aim: a gnoll, wielding a +0 club (61% to hit)
You throw a stone {throwing}.
The stone {throwing} barely misses the gnoll.
Casting: Sandblast (safe; 2% risk of failure)
Confirm with . or Enter, or press ? or * to list all spells.
Aiming: Sandblast (safe; 2% risk of failure)
Press: ? - help, Shift-Dir - straight line, f/p - gnoll
Aim: a gnoll, wielding a +0 club (83% to hit)
The blast of sand hits the gnoll.
a - 21 stones {throwing} 😮 MP[-1]
You lost 1 mp, and now have 1/8 mp.
Casting: Sandblast (safe; 2% risk of failure)
Confirm with . or Enter, or press ? or * to list all spells.
Aiming: Sandblast (safe; 2% risk of failure)
Press: ? - help, Shift-Dir - straight line, f/p - gnoll
Aim: a gnoll, wielding a +0 club (moderately wounded, 83% to hit)
The blast of sand hits the gnoll.
a - 20 stones {throwing} The gnoll hits you with a +0 club.
* * * LOW HITPOINT WARNING * * *
😨 HP[-2] MP[-1]
You take 2 damage, and now have 12/26 hp.
You lost 1 mp, and now have 0/8 mp.
You hit the gnoll but do no damage. The gnoll completely misses you.
Unknown command.
You hit the gnoll. The gnoll hits you with a +0 club!
* * * LOW HITPOINT WARNING * * *
😱 HP[-8]
You take 8 damage, and now have 4/26 hp.
MASSIVE DAMAGE!! (PAUSE) Unknown command.
Magic courses through your body. The gnoll barely misses you. 😱 MP[+8]
Your mp is fully restored (8).
Casting: Sandblast (safe; 2% risk of failure)
Confirm with . or Enter, or press ? or * to list all spells.
Aiming: Sandblast (safe; 2% risk of failure)
Press: ? - help, Shift-Dir - straight line, f/p - gnoll
Aim: a gnoll, wielding a +0 club (severely wounded, 83% to hit)
The blast of sand hits the gnoll.
a - 19 stones {throwing} The gnoll hits you with a +0 club.
You die...

Skill      XL: |  1  2  3 |
---------------+----------+-----
Earth Magic    | 3 4 |  4.3
Spellcasting   | 2 |  2.0
Dodging        | |  1.7
Stealth        | |  1.7
Transmutations | |  0.8

Action                   || total
-------------------------++-------
Melee: Unarmed           ||    29
       Spear             ||    21
Throw: Stone             ||    44
 Cast: Sandblast         ||    45
  Use: Potion            ||     1
Armor: Robe              ||    11
Dodge: Dodged            ||    36

Levels and vault maps discovered:
D:1:      lemuel_arrival_behind_the_door_small, layout_rooms,
          due_unseen_surprise
D:2:      layout_rooms, serial_shops, nicolae_shop_hallway_plus

Notes
Turn   | Place    | Note
-------+----------+-------------------------------------------
     0 | D:1      | spaghetti the Demigod Earth Elementalist began the quest
                  | for the Orb.
     0 | D:1      | Reached XP level 1. HP: 14/14 MP: 5/5
     0 | D:1      | magus.rc [v1.9.6]
    28 | D:1      | Reached skill level 3 in Earth Magic
   411 | D:1      | Reached XP level 2. HP: 20/20 MP: 0/7
  1364 | D:2      | Reached XP level 3. HP: 26/26 MP: 6/8
  1370 | D:2      | Learned a level 2 spell: Passwall
  1414 | D:2      | You pick up a book of Debilitation and begin reading...
  1414 | D:2      | You add the spells Slow, Vampiric Draining and Confusing
                  | Touch to your library.
  1559 | D:2      | You add the spells Conjure Flame, Ignite Poison and Sticky
                  | Flame to your library.
  1637 | D:2      | Reached skill level 4 in Earth Magic
  1638 | D:2      | Reached skill level 2 in Spellcasting
  1652 | D:2      | HP: 4/26 [gnoll/+0 club (8)]
  1654 | D:2      | Slain by a gnoll

Vanquished Creatures
  3 gnolls (D:2)
  A worm (D:2)
  A dart slug (D:1)
  2 ball pythons (D:1)
  4 endoplasms (D:1)
  4 giant cockroaches (D:1)
  3 goblins
  5 hobgoblins
  A bat (D:1)
  3 frilled lizards (D:1)
  2 kobolds
  5 rats
34 creatures vanquished.

Table legend:
 A = Non-vault XP
 B = Vault XP
 C = Vault XP percentage of total XP
 D = Non-vault monster count
 E = Vault monster count
 F = Vault count percentage of total count
                 A         B        C        D         E       F
            +---------+---------+-------+---------+---------+-------
      Total |      97 |       0 |   0.0 |      34 |       0 |   0.0
            +---------+---------+-------+---------+---------+-------
        D:1 |      42 |       0 |   0.0 |      24 |       0 |   0.0
        D:2 |      55 |       0 |   0.0 |      10 |       0 |   0.0
            +---------+---------+-------+---------+---------+-------

Illustrated notes

Table legend:
 A = Kills in this place as a percentage of kills in entire the game.
 B = Kills by you in this place as a percentage of kills by you in the entire game.
 C = Kills by friends in this place as a percentage of kills by friends in the entire game.
 D = Other kills in this place as a percentage of other kills in the entire game.
 E = Experience gained in this place as a percentage of experience gained in the entire game.
 F = Experience gained in this place divided by the number of levels of this place that you have seen.
                   A       B       C       D       E      F
               +-------+-------+-------+-------+-------+----------------------
         Total | 100.0 | 100.0 |   N/A |   N/A | 100.0 |  48.5
       Dungeon | 100.0 | 100.0 |   N/A |   N/A | 100.0 |  48.5
               +-------+-------+-------+-------+-------+----------------------

Table legend: (Time is in decaauts)
 A = Elapsed time spent in this place.
 B = Non-inter-level travel time spent in this place.
 C = Inter-level travel time spent in this place.
 D = Time resting spent in this place.
 E = Time spent auto-exploring this place.
 F = Levels seen in this place.
 G = Mean time per level.
                   A        B        C        D        E       F      G
               +--------+--------+--------+--------+--------+-----+--------+
         Total |   1660 |   1640 |     20 |    356 |   1063 |   2 |  830.0 |
       Dungeon |   1660 |   1640 |     20 |    356 |   1063 |   2 |  830.0 |
               +--------+--------+--------+--------+--------+-----+--------+

Top non-repeatable levels by time:
     D:1: 1338 daAuts
     D:2: 321 daAuts
